 Dungeon Crawl Stone Soup version 0.24.1-11-gbbbb2193e6 (webtiles) character file.

Game seed: 18059806123413457582, levelgen mode: deterministic

114 Mrkan the Chiller (level 4, -6/33 HPs)
             Began as a Merfolk Ice Elementalist on May 15, 2020.
             Was an Initiate of Ashenzari.
             Mangled by a scorpion (10 damage)
             ... on level 4 of the Dungeon.
             The game lasted 00:08:53 (3511 turns).

Mrkan the Chiller (Merfolk Ice Elementalist)        Turns: 3511, Time: 00:08:54

Health: -6/33      AC:  3    Str:  8    XL:     4   Next: 98%
Magic:  1/7        EV: 14    Int: 15    God:    Ashenzari [......]
Gold:   181        SH:  0    Dex: 14    Spells: 6/8 levels left

rFire    . . .     SeeInvis .   u - +0 trident (curse)
rCold    . . .     Gourm    .   (no shield)
rNeg     . . .     Faith    .   a - +0 robe
rPois    .         Spirit   .   (no helmet)
rElec    .         Reflect  .   (no cloak)
rCorr    .         Harm     .   m - +0 pair of gloves
MR       .....                  (no boots)
Stlth    ++........             (no amulet)
HPRegen  0.11/turn              (no ring)
MPRegen  0.10/turn              (no ring)

@: lethally poisoned (-6 -> -8), very slightly contaminated
A: change form in water, swift swim, stealthy swim
a: Curse Item, Renounce Religion


You were on level 4 of the Dungeon.
You worshipped Ashenzari.
Ashenzari was noncommittal.
You were very hungry.

You visited 1 branch of the dungeon, and saw 4 of its levels.

You collected 181 gold pieces.

Inventory:

Hand Weapons
 i - a +2 short sword of speed
 u - a cursed +0 trident (weapon)
Armour
 a - a +0 robe (worn)
 m - a +0 pair of gloves (worn)
Jewellery
 t - an uncursed ring of flight
Scrolls
 b - 2 scrolls of teleportation
 e - a scroll of amnesia
 g - 4 scrolls of identify
 h - a scroll of random uselessness {unknown}
 p - a scroll of immolation {unknown}
 v - a scroll of enchant weapon {unknown}
Potions
 d - a potion of berserk rage {unknown}
 f - 2 potions of curing {unknown}
 j - 2 potions of flight {unknown}
 k - a potion of heal wounds {unknown}
 n - a potion of might {unknown}
 o - 2 potions of degeneration {unknown}
 q - a potion of mutation {unknown}
 r - a potion of brilliance {unknown}
 s - a potion of agility {unknown}
Comestibles
 c - 9 rations
 l - a chunk of flesh


   Skills:
 + Level 1.9 Fighting
 * Level 0.6 Polearms
 - Level 3.8 Dodging
 - Level 2.1 Stealth
 - Level 2.6 Spellcasting
 - Level 0.7 Conjurations
 + Level 4.5 Ice Magic


You had 6 spell levels left.
You knew the following spells:

 Your Spells              Type           Power        Failure   Level  Hunger
b - Throw Frost           Conj/Ice       #.....       11%         2    ###....

Your spell library contained the following spells:

 Spells                   Type           Power        Failure   Level  Hunger
 Freeze                   Ice            ###.         3%          1    #......
 Ozocubu's Armour         Chrm/Ice       #.......     24%         3    ###....
 Throw Icicle             Conj/Ice       #.......     56%         4    #####..
 Summon Ice Beast         Ice/Summ       #.......     63%         4    #####..


Dungeon Overview and Level Annotations

Branches:
Dungeon (4/15)
 Temple: D:4-7

Altars:
Ashenzari
Fedhas
Qazlal


Message History

Press: ? - help, Shift-Dir - straight line, f/p - scorpion
Aim: a scorpion (heavily wounded)
You miscast Throw Frost.
You are very lightly contaminated with residual magic.
Your hair stands on end.
The scorpion misses you.
You barely miss the scorpion.
The scorpion is heavily wounded.
You feel sick. The scorpion barely misses you. x2
You are feeling very hungry.
You barely miss the scorpion.
The scorpion is heavily wounded.
The scorpion stings you.
* * * LOW HITPOINT WARNING * * *
You hit the scorpion.
The scorpion is severely wounded.
You feel sick. The scorpion closely misses you.
You hit the scorpion but do no damage.
The scorpion is severely wounded.
The scorpion stings you!
You die...

....>. ......
...... #...... .
##.......
...######........
...!...<........#
#...@s<......#
#.##.........#
#.........#
......##....
.......# ###
......####
....... ......#


You could see a scorpion.

Vanquished Creatures
  4 adders
  4 worms
  2 dart slugs (D:1)
  2 leopard geckos
  An orc (D:3)
  5 giant cockroaches
  7 goblins
  4 hobgoblins
  6 kobolds (D:1)
  A quokka (D:3)
  2 ball pythons
  7 bats
  5 frilled lizards
  12 rats
62 creatures vanquished.

Notes
Turn   | Place    | Note
-------+----------+-------------------------------------------
     0 | D:1      | Mrkan the Merfolk Ice Elementalist began the quest for the
                  | Orb.
     0 | D:1      | Reached XP level 1. HP: 13/13 MP: 3/3
   372 | D:1      | Reached XP level 2. HP: 20/20 MP: 3/5
   574 | D:1      | Learned a level 2 spell: Throw Frost
   624 | D:1      | Reached skill level 1 in Fighting
   670 | D:1      | Reached XP level 3. HP: 26/26 MP: 1/6
  1430 | D:2      | Reached skill level 4 in Ice Magic
  1755 | D:2      | Found a stormy altar of Qazlal.
  1763 | D:2      | Reached XP level 4. HP: 25/32 MP: 7/7
  1915 | D:2      | Found a blossoming altar of Fedhas.
  3094 | D:3      | Found a shattered altar of Ashenzari.
  3129 | D:3      | Became a worshipper of Ashenzari the Shackled
  3511 | D:4      | Mangled by a scorpion

Levels and vault maps discovered:
D:1:      dpeg_arrival_tiny_g, layout_basic
D:2:      layout_basic, lemuel_doored_altar, first_ration, fedhas_ov_isle_minmay
D:3:      layout_loops_corners, ashenzari_altar_1
D:4:      layout_rooms, cheibrodos_sewer_entry_drain,
          chequers_serial_rivers_large_a, minmay_misc_feat_chi,
          uniq_blork_the_orc, uniq_crazy_yiuf_cottage

Skill      XL: |  1  2  3 |
---------------+----------+-----
Dodging        | 3 |  3.8
Fighting       | 1 |  1.9
Ice Magic      | 4 |  4.5
Polearms       | |  0.6
Stealth        | |  2.1
Spellcasting   | |  2.6
Conjurations   | |  0.7

Action                   |  1- 3 |  4- 6 || total
-------------------------+-------+-------++-------
Melee: Unarmed           |    25 |       ||    25
       Short sword       |    52 |    86 ||   138
       Trident           |       |    23 ||    23
 Cast: Freeze            |    20 |       ||    20
       Throw Frost       |    19 |     3 ||    22
  Use: Scroll            |       |     3 ||     3
 Stab: Sleeping          |     2 |     8 ||    10
  Eat: Chunk             |     4 |     5 ||     9
Armor: Robe              |    17 |    11 ||    28
Dodge: Dodged            |    72 |    59 ||   131
